 Dungeon Crawl Stone Soup version 0.30-a0-743-gbfdf073431 (webtiles) character file.

Game seed: 17665467935022869573

58 Iich the Trooper (level 3, 0/29 HPs)
             Began as a Demonspawn Fighter on Feb 6, 2023.
             Killed from afar by an orc wizard (8 damage)
             ... with a magic dart
             ... on level 3 of the Dungeon.
             The game lasted 00:02:24 (1432 turns).

Iich the Trooper (Demonspawn Fighter)               Turns: 1432, Time: 00:02:25

Health: 0/29       AC:  6    Str: 16    XL:     3   Next: 76%
Magic:  3/3        EV:  8    Int:  9    God:
Gold:   120        SH: 10    Dex: 14    Spells: 2/2 levels left

rFire   . . .      SeeInvis .    a - +0 war axe
rCold   . . .      Faith    .    c - +1 buckler
rNeg    . . .      Spirit   .    b - +0 scale mail
rPois   .          Reflect  +    (helmet restricted)
rElec   .          Harm     .    (no cloak)
rCorr   .          Rampage  .    (no gloves)
Will    .....                    (no boots) Stlth
                                 i - amulet of reflection
HPRegen 0.24/turn                (no ring)
MPRegen 0.08/turn                (no ring)

@: no status effects
A: horns 2
a: no special abilities


You were on level 3 of the Dungeon.
You visited 1 branch of the dungeon, and saw 3 of its levels.

You collected 120 gold pieces.

Inventory:

Hand Weapons
 a - a +0 war axe (weapon)
Armour
 b - a +0 scale mail (worn)
 c - a +1 buckler (worn)
Jewellery
 i - an amulet of reflection (around neck)
Scrolls
 e - a scroll of amnesia {unknown}
 f - a scroll of teleportation
 j - a scroll of enchant armour
 k - a scroll of immolation {unknown}
 l - a scroll of identify {unknown}
 o - a scroll of fear {unknown}
Potions
 d - a potion of might
 g - a potion of attraction {unknown}
 h - a potion of heal wounds {unknown}
 m - a potion of invisibility
 n - a potion of degeneration {unknown}


   Skills:
 + Level 3.6 Fighting
 * Level 3.3 Axes
 - Level 2.6 Armour
 - Level 2.6 Shields


You had 2 spell levels left.
You didn't know any spells.
Your spell library contained the following spells:

 Spells                   Type           Power      Damage    Failure   Level
 Dazzling Flash           Conj/Hex       0%         N/A       99%         3
 Agony                    Necr           0%         N/A       100%        5
 Silence                  Hex/Air        0%         N/A       100%        5


Dungeon Overview and Level Annotations

Branches:
Dungeon (3/15)

Altars:
Trog


Innate Abilities, Weirdness & Mutations

You have a pair of horns on your head.


Message History

You slash the ball python!
You kill the ball python!
You hit the orc but do no damage. The orc barely misses you.
The orc hits you with a +0 whip. The orc wizard barely misses you.
You're too confused to move!
The orc hits you but does no damage. The rat completely misses you.
The orc wizard hits you with a +0 dagger of flaming.
The orc wizard burns you.
You slash the orc wizard!
The orc wizard is heavily wounded.
You miss the orc. You hit the rat.
You kill the rat!
The orc misses you.
The orc wizard hits you with a +0 dagger of flaming.
The orc wizard burns you.
You closely miss the orc wizard.
The orc wizard is heavily wounded.
You hit the orc but do no damage. The orc hits you but does no damage.
The orc wizard hits you but does no damage.
You barely miss the orc. You headbutt the orc.
The orc is almost dead.
You miss the orc wizard. The orc hits you with a +0 whip.
* * * LOW HITPOINT WARNING * * *
The orc wizard hits you but does no damage.
The orc hits you with a +0 whip.
* * * LOW HITPOINT WARNING * * *
The orc wizard gestures at you while chanting.
You resist with significant effort.
The orc wizard attacks as you move away!
The orc wizard hits you but does no damage.
You feel less confused. The orc barely misses you.
You closely miss the orc.
The orc is almost dead.
You hit the orc wizard but do no damage.
The orc hits you with a +0 whip.
* * * LOW HITPOINT WARNING * * *
The orc wizard points at you and mumbles some strange words.
The magic dart hits you!
You die...

...# #####...#
...
#.......##._.
#............
#.......r..##
#...........#
####............
.......o....#
......†o@...#
.....####<###
#### ###


You could see an orc wizard, an orc and a quokka.

Vanquished Creatures
  A worm (D:2)
  3 dart slugs
  An orc (D:3)
  7 ball pythons
  6 bats
  4 endoplasms (D:1)
  3 goblins (D:1)
  3 hobgoblins
  4 jackals (D:1)
  4 kobolds
  2 quokkas
  2 frilled lizards
  4 rats
44 creatures vanquished.

Notes
Turn   | Place    | Note
-------+----------+-------------------------------------------
     0 | D:1      | Iich the Demonspawn Fighter began the quest for the Orb.
     0 | D:1      | Reached XP level 1. HP: 18/18 MP: 1/1
   101 | D:1      | Gained mutation: You have a pair of small horns on your
                  | head. [demonic ancestry]
   101 | D:1      | Reached XP level 2. HP: 22/24 MP: 2/2
   410 | D:1      | Gained mutation: You have a pair of horns on your head.
                  | [demonic ancestry]
   410 | D:1      | Reached XP level 3. HP: 29/29 MP: 3/3
  1418 | D:3      | Found a bloodstained altar of Trog.
  1432 | D:3      | Killed from afar by an orc wizard

Illustrated notes

Levels and vault maps discovered:
D:1:      dpeg_arrival_rooms_b, layout_loops_ring
D:2:      layout_loops_ring, minmay_misc_feat_more_columns
D:3:      layout_basic, trog_three_pillars_becter, serial_shops,
          nicolae_shop_advertising_works [nicolae_subvault_shop_adworks]

Skill      XL: |  1  2  3 |
---------------+----------+-----
Axes           | 2 3 |  3.3
Fighting       | |  3.6
Armour         | |  2.6
Shields        | |  2.6

Action                     || total
---------------------------++-------
  Melee: War axe           ||   101
         Headbutt          ||    13
    Use: Scroll            ||     2
         Potion            ||     1
 Armour: Scale mail        ||    45
  Dodge: Dodged            ||    48
  Block: Buckler           ||    40

Table legend: (Time is in decaauts)
 A = Elapsed time spent in this place.
 B = Non-inter-level travel time spent in this place.
 C = Inter-level travel time spent in this place.
 D = Time resting spent in this place.
 E = Time spent auto-exploring this place.
 F = Levels seen in this place.
 G = Mean time per level.
                   A        B        C        D        E       F      G
               +--------+--------+--------+--------+--------+-----+--------+
         Total |   1472 |   1399 |     73 |      0 |   1112 |   3 |  490.7 |
       Dungeon |   1472 |   1399 |     73 |      0 |   1112 |   3 |  490.7 |
               +--------+--------+--------+--------+--------+-----+--------+

Top non-repeatable levels by time:
     D:1: 739 daAuts
     D:2: 717 daAuts
     D:3: 16 daAuts
